 Dungeon Crawl Stone Soup version bcrawl-1.41.1 (webtiles) character file.

Game seed: 16094314454821255503

269615 Yshiel the Magician (level 9, -7/65 HPs)
             Began as a Gnoll Ice Elementalist on Apr 14, 2024.
             Was a Priest of Elyvilon.
             Mangled by a freezing wraith (22 damage)
             ... on level 8 of the Dungeon.
             The game lasted 00:33:21 (6493 turns).

Yshiel the Magician (Gnoll Ice Elementalist)        Turns: 6493, Time: 00:33:22

Health: -7/65      AC:  8    Str: 12    XL:     9   Next: 55%
Magic:  19/19      EV: 17    Int: 20    God:    Elyvilon [***...]
Gold:   390        SH:  0    Dex: 22    Spells: 5/21 levels left

rFire    . . .     GDR:     35% n - +3 dagger (elec)
rCold    . . .     SeeInvis .   (no shield)
rNeg     . . .     Gourm    .   s - +0 leather armour
rPois    .         Faith    +   (no helmet)
rElec    +         Spirit   .   v - +1 cloak
rCorr    .         Reflect  .   K - +2 pair of gloves {archery}
MR       .....                  (no boots)
Stlth    ++++......             I - amulet of faith
HPRegen  0.20/turn              u - ring "Pyczemue" {*Contam +Fly rElec Int+3}
MPRegen  0.16/turn              H - +4 ring of dexterity

@: slowed, very slow
A: distributed training, fangs 1, strong nose
a: Lesser Healing, Heal Other, Purification, Divine Protection, Renounce
Religion, Evoke Flight


You were on level 8 of the Dungeon.
You worshipped Elyvilon.
Elyvilon was most pleased with you.
You were hungry.

You visited 2 branches of the dungeon, and saw 9 of its levels.

You collected 420 gold pieces.
You spent 30 gold pieces at shops.

Inventory:

Hand Weapons
 b - a +0 dagger
 n - a +3 dagger of electrocution (weapon)
 p - a +1 short sword of draining
 E - the +3 short sword "Killer Klown's Doom" {venom, rPois Str+3, unknown}
   (You found it on level 4 of the Dungeon)

   It poisons the flesh of those it strikes.
   It affects your strength (+3).
   It protects you from poison.
 F - a +2 dagger of freezing
 L - a +4 falchion
 Q - a +2 dagger of speed
Missiles
 z - 205 poisoned tomahawks (quivered)
 P - 321 sling bullets
Armour
 a - a +0 robe
 s - a +0 leather armour (worn)
 v - a +1 cloak (worn)
 K - a +2 pair of gloves of archery (worn)
 R - +0 gold dragon scales
Jewellery
 u - the ring "Pyczemue" (left hand) {*Contam +Fly rElec Int+3}
   (You found it on level 3 of the Dungeon)

   [ring of flight]

   It affects your intelligence (+3).
   It insulates you from electricity.
   It lets you fly.
   It causes magical contamination when unequipped.
 A - an uncursed ring of protection from fire
 G - an uncursed ring of see invisible
 H - a +4 ring of dexterity (right hand)
 I - an amulet of faith (around neck)
 S - an uncursed ring of attention
Wands
 c - a wand of iceblast (10)
 d - a wand of disintegration (18)
 q - a wand of flame (9)
Scrolls
 h - 4 scrolls of remove curse
 i - 2 scrolls of identify
 k - a scroll of immolation {unknown}
 m - 2 scrolls of fear {unknown}
 w - a scroll of fog
 y - 3 scrolls of blinking {unknown}
 B - 3 scrolls of noise {unknown}
 C - 5 scrolls of teleportation
 D - 4 scrolls of revelation
 J - a scroll of acquirement {unknown}
 O - a scroll of summoning {unknown}
Potions
 f - a potion of might
 g - a potion of mutation
 j - a potion of brilliance
 l - 3 potions of haste
 o - a potion of invisibility
 r - a potion of berserk rage
 t - 2 potions of lignification
 x - 2 potions of heal wounds
 N - 2 potions of degeneration {unknown}
 T - 2 potions of cancellation {unknown}
Comestibles
 e - 16 rations {!d}


   Skills:
 + Level 4.2 Fighting
 + Level 4.2 Short Blades
 + Level 4.2 Long Blades
 + Level 4.2 Axes
 + Level 4.2 Maces & Flails
 + Level 4.2 Polearms
 + Level 4.2 Staves
 + Level 4.2 Slings
 + Level 4.2 Bows
 + Level 4.2 Crossbows
 + Level 4.2 Throwing
 + Level 4.2 Armour
 + Level 6.3 Dodging
 + Level 6.3 Stealth
 + Level 4.2 Shields
 + Level 4.2 Unarmed Combat
 + Level 6.6 Spellcasting
 + Level 4.2 Conjurations
 + Level 3.5 Hexes
 + Level 3.5 Charms
 + Level 3.5 Summonings
 + Level 3.5 Necromancy
 + Level 3.5 Translocations
 + Level 3.5 Transmutations
 + Level 3.5 Fire Magic
 + Level 6.5 Ice Magic
 + Level 3.5 Air Magic
 + Level 3.5 Earth Magic
 + Level 3.5 Poison Magic
 + Level 4.7 Invocations
 + Level 4.2 Evocations


You had 5 spell levels left.
You knew the following spells:

 Your Spells              Type           Power        Failure   Level  Hunger
a - Freeze                Ice            ####..       1%          1    None
b - Throw Frost           Conj/Ice       ####..       1%          2    None
c - Apportation           Tloc           ###...       3%          1    None
d - Corona                Hex            ###....      3%          1    None
e - Infusion              Chrm           ###.....     3%          1    None
f - Sandblast             Erth           ###...       3%          1    None
g - Slow                  Hex            ###.....     3%          1    None
h - Summon Butterflies    Summ           ###.....     3%          1    None
i - Ozocubu's Armour      Chrm/Ice       ####....     4%          3    #......
j - Throw Icicle          Conj/Ice       ####....     14%         4    ####...

Your spell library contained the following spells:

 Spells                   Type           Power        Failure   Level  Hunger
 Ice Form                 Ice/Tmut       ####....     16%         4    ####...
 Summon Ice Beast         Ice/Summ       ####....     16%         4    ####...


Dungeon Overview and Level Annotations

Branches:
Dungeon (8/12)             Temple (1/1) D:4
   Lair: D:7-9          Orc: D:8-11

Altars:
Ashenzari
Cheibriados
Dithmenos
Elyvilon
Gozag
Hepliaklqana
Kikubaaqudgha
Lugonu
Makhleb
Nemelex Xobeh
Okawaru
Qazlal
Ru
Sif Muna
Trog
Vehumet
Wu Jian
Xom
Yredelemnul
Zin
The Shining One

Shops:
D:2 *   D:5 (   D:6 ?   D:7 [


Innate Abilities, Weirdness & Mutations

Your experience applies equally to all skills.
You have very sharp teeth.
Your uncanny sense of smell can sniff out nearby items.


Message History

You hit the freezing wraith but do no damage.
Your bite misses the freezing wraith.
The freezing wraith is moderately damaged.
The freezing wraith barely misses you. The freezing wraith closely misses you.
The freezing wraith hits you! The freezing wraith freezes you!
The freezing wraith misses you.
You hit the freezing wraith but do no damage.
Lightning courses through the freezing wraith!
You bite the freezing wraith, but do no damage.
The freezing wraith is heavily damaged.
The freezing wraith hits you. The freezing wraith freezes you!!
* * * LOW HITPOINT WARNING * * *
The freezing wraith barely misses you.
You hit the freezing wraith but do no damage.
Lightning courses through the freezing wraith!
The freezing wraith is almost destroyed.
The freezing wraith hits you.
* * * LOW HITPOINT WARNING * * *
The freezing wraith freezes you!!
You die...

#.......#
###.......#
........###
.######.#
#.#
####.####.##
∆
#...........
#.##.####.##
# #@..#
#.....W.!..#
......#...##
#.######.##
#.# #.# #+#


You could see a freezing wraith.

Vanquished Creatures
  A hippogriff (D:7)
  A water moccasin (D:7)
  Duvessa (D:7)
  2 ice beasts
  2 ogres
  2 bullfrogs (D:7)
  Dowan (D:7)
  2 scorpions (D:4)
  5 centaurs
  9 wights
  4 crimson imps
  2 jellies (D:6)
  2 hounds
  4 orc wizards
  Terence (D:2)
  8 worker ants
  A hound zombie (D:7)
  A howler monkey skeleton (D:4)
  2 worker ant zombies
  8 adders
  4 gnolls (D:7)
  An ooze (D:2)
  An adder zombie (D:5)
  An adder skeleton (D:4)
  4 worms
  2 dart slugs
  4 leopard geckos
  21 orcs
  2 bats (D:2)
  2 giant cockroaches
  2 goblins
  8 hobgoblins
  4 jackals
  2 quokkas
  3 ball pythons
  A frilled lizard (D:4)
  7 kobolds
  A quokka skeleton (D:4)
  4 rats
133 creatures vanquished.

Vanquished Creatures (others)
  A human (D:3)
1 creature vanquished.

Grand Total: 134 creatures vanquished

Notes
Turn   | Place    | Note
-------+----------+-------------------------------------------
     0 | D:1      | Yshiel the Gnoll Ice Elementalist began the quest for the
                  | Orb.
     0 | D:1      | Reached XP level 1. HP: 13/13 MP: 6/6
   279 | D:1      | Reached XP level 2. HP: 17/19 MP: 4/7
   759 | D:2      | Reached XP level 3. HP: 25/25 MP: 5/9
   768 | D:2      | Reached skill level 5 in Spellcasting
   798 | D:2      | Reached skill level 1 in Invocations
  1006 | D:2      | Noticed Terence
  1018 | D:2      | Killed Terence
  1019 | D:2      | Reached skill level 1 in Fighting
  1019 | D:2      | Reached skill level 1 in Short Blades
  1019 | D:2      | Reached skill level 1 in Long Blades
  1019 | D:2      | Reached skill level 1 in Axes
  1019 | D:2      | Reached skill level 1 in Maces & Flails
  1019 | D:2      | Reached skill level 1 in Polearms
  1019 | D:2      | Reached skill level 1 in Staves
  1019 | D:2      | Reached skill level 1 in Slings
  1019 | D:2      | Reached skill level 1 in Bows
  1019 | D:2      | Reached skill level 1 in Crossbows
  1019 | D:2      | Reached skill level 1 in Throwing
  1019 | D:2      | Reached skill level 1 in Armour
  1019 | D:2      | Reached skill level 1 in Shields
  1019 | D:2      | Reached skill level 1 in Unarmed Combat
  1019 | D:2      | Reached skill level 1 in Evocations
  1019 | D:2      | Reached XP level 4. HP: 20/32 MP: 11/11
  1179 | D:2      | Found an opulent altar of Gozag.
  1183 | D:2      | Found Gozag's Platinum Reserve.
  1351 | D:3      | Reached skill level 1 in Hexes
  1351 | D:3      | Reached skill level 1 in Charms
  1351 | D:3      | Reached skill level 1 in Summonings
  1351 | D:3      | Reached skill level 1 in Necromancy
  1351 | D:3      | Reached skill level 1 in Translocations
  1351 | D:3      | Reached skill level 1 in Transmutations
  1351 | D:3      | Reached skill level 1 in Fire Magic
  1351 | D:3      | Reached skill level 1 in Air Magic
  1351 | D:3      | Reached skill level 1 in Earth Magic
  1351 | D:3      | Reached skill level 1 in Poison Magic
  1359 | D:3      | Reached XP level 5. HP: 27/37 MP: 12/12
  1383 | D:3      | Got a flickering bronze ring
  1385 | D:3      | Identified the ring "Pyczemue" {*Contam +Fly rElec Int+3}
                  | (You found it on level 3 of the Dungeon)
  2175 | D:3      | Found a shimmering blue altar of Sif Muna.
  2175 | D:3      | Found a burning altar of Makhleb.
  2175 | D:3      | Found an iron altar of Okawaru.
  2293 | D:3      | HP: 1/37 [poisoned by an orc]
  2300 | D:3      | HP: 1/37 [poisoned by an orc]
  2552 | D:3      | Found an ancient bone altar of Kikubaaqudgha.
  2553 | D:3      | Noticed a human
  2556 | D:3      | Killed a human
  2657 | D:4      | Got a crude short sword
  2724 | D:5      | Entered Level 5 of the Dungeon
  2741 | D:4      | Found a staircase to the Ecumenical Temple.
  2745 | D:4      | Reached XP level 6. HP: 44/44 MP: 13/13
  2765 | Temple   | Entered the Ecumenical Temple
  2806 | Temple   | Became a worshipper of Elyvilon the Healer
  2951 | D:4      | Reached skill level 5 in Dodging
  2951 | D:4      | Reached skill level 5 in Stealth
  3041 | D:4      | Noticed an ice beast
  3049 | D:4      | Killed an ice beast
  3050 | D:4      | Reached XP level 7. HP: 32/50 MP: 15/15
  3692 | D:5      | Found Lirett's Antique Weapon Boutique.
  3721 | D:5      | Reached * piety under Elyvilon
  3834 | D:5      | Reached XP level 8. HP: 48/57 MP: 16/16
  3842 | D:5      | Learned a level 2 spell: Throw Frost
  3844 | D:5      | Learned a level 1 spell: Apportation
  3846 | D:5      | Learned a level 1 spell: Corona
  3848 | D:5      | Learned a level 1 spell: Infusion
  3850 | D:5      | Learned a level 1 spell: Sandblast
  3852 | D:5      | Learned a level 1 spell: Slow
  3854 | D:5      | Learned a level 1 spell: Summon Butterflies
  3858 | D:5      | Learned a level 3 spell: Ozocubu's Armour
  3863 | D:5      | Learned a level 4 spell: Throw Icicle
  4161 | D:5      | Found a radiant altar of Vehumet.
  4776 | D:6      | Found Nanaxi's Magic Scroll Emporium.
  4855 | D:6      | Bought a scroll of teleportation for 30 gold pieces
  4904 | D:6      | Reached ** piety under Elyvilon
  5167 | D:7      | Noticed Dowan
  5340 | D:7      | Found a sparkling altar of Nemelex Xobeh.
  5488 | D:7      | Noticed a hippogriff
  5503 | D:7      | Reached XP level 9. HP: 52/65 MP: 18/18
  5753 | D:7      | Reached *** piety under Elyvilon
  5853 | D:7      | Noticed Duvessa
  5867 | D:7      | Killed Duvessa
  5874 | D:7      | Killed Dowan
  5952 | D:7      | Found a snail-covered altar of Cheibriados.
  6095 | D:7      | Found Icve's Antique Armour Shop.
  6486 | D:8      | Noticed a freezing wraith
  6493 | D:8      | Mangled by a freezing wraith

Skill      XL: |  1  2  3  4  5  6  7  8  9 |
---------------+----------------------------+-----
Conjurations   | 2 3 4 |  4.2
Spellcasting   | 5 6 |  6.6
Invocations    | 1 2 3 4 |  4.7
Fighting       | 1 2 3 4 |  4.2
Short Blades   | 1 2 3 4 |  4.2
Long Blades    | 1 2 3 4 |  4.2
Axes           | 1 2 3 4 |  4.2
Maces & Flails | 1 2 3 4 |  4.2
Polearms       | 1 2 3 4 |  4.2
Staves         | 1 2 3 4 |  4.2
Slings         | 1 2 3 4 |  4.2
Bows           | 1 2 3 4 |  4.2
Crossbows      | 1 2 3 4 |  4.2
Throwing       | 1 2 3 4 |  4.2
Armour         | 1 2 3 4 |  4.2
Shields        | 1 2 3 4 |  4.2
Unarmed Combat | 1 2 3 4 |  4.2
Evocations     | 1 2 3 4 |  4.2
Hexes          | 1 2 3 |  3.5
Charms         | 1 2 3 |  3.5
Summonings     | 1 2 3 |  3.5
Necromancy     | 1 2 3 |  3.5
Translocations | 1 2 3 |  3.5
Transmutations | 1 2 3 |  3.5
Fire Magic     | 1 2 3 |  3.5
Air Magic      | 1 2 3 |  3.5
Earth Magic    | 1 2 3 |  3.5
Poison Magic   | 1 2 3 |  3.5
Dodging        | 5 6 |  6.3
Stealth        | 5 6 |  6.3
Ice Magic      | 6 |  6.5

Action                   |  1- 3 |  4- 6 |  7- 9 || total
-------------------------+-------+-------+-------++-------
Melee: Dagger            |    30 |    14 |   252 ||   296
       Bite              |     6 |    10 |    38 ||    54
       Short sword       |    21 |    97 |       ||   118
       Punch             |       |       |     5 ||     5
 Cast: Freeze            |    20 |     9 |     5 ||    34
  Use: Scroll            |       |     2 |    12 ||    14
       Potion            |       |     2 |       ||     2
 Stab: Sleeping          |       |     4 |    10 ||    14
  Eat: Chunk             |     2 |     9 |     8 ||    19
       Ration            |       |       |     2 ||     2
Armor: Robe              |     4 |       |       ||     4
       Leather armour    |     2 |    28 |    56 ||    86
Dodge: Dodged            |    45 |    79 |   210 ||   334
